 Dungeon Crawl Stone Soup version 0.31-a0-229-g1fc7ce93e2 (webtiles) character file.

Game seed: 7654708440960735309

52 qw the Shooter (level 3, 0/21 HPs)
             Began as a Gargoyle Hexslinger on July 6, 2023.
             Slain by a gnoll
             ... wielding a +1 heavy flail
              (12 damage)
             ... on level 2 of the Dungeon.
             The game lasted 00:00:30 (954 turns).

qw the Shooter (Gargoyle Hexslinger)                 Turns: 954, Time: 00:00:30

Health: 0/21       AC:  8    Str: 17    XL:     3   Next: 85%
Magic:  0/4        EV: 11    Int: 13    God:
Gold:   177        SH:  0    Dex: 14    Spells: 3/4 levels left

rFire   . . .        Y - +1 shortbow (flame)
rCold   . . .        (shield currently unavailable)
rNeg    + . .        f - +0 ring mail
rPois   inf          (no helmet)
rElec   +            (no cloak)
rCorr   .            (no gloves)
SInv    .            (no boots)
Will    .....        i - amulet of guardian spirit
Stlth   +            h - +6 ring of strength
HPRegen 0.23/turn    (no ring)
MPRegen 0.09/turn

%: guardian spirit
@: no status effects
A: sickness immunity, AC +3, negative energy resistance 1, electricity
resistance, torment resistance 1, petrification resistance
a: no special abilities


You were on level 2 of the Dungeon.
You visited 1 branch of the dungeon, and saw 2 of its levels.

You collected 177 gold pieces.


Innate Abilities, Weirdness & Mutations

You are immune to sickness and miasma.
Your stone body is resilient. (AC +3)
You are immune to poison.
You resist negative energy. (rN+)
You are resistant to electric shocks. (rElec)
You are resistant to unholy torment.
You are immune to petrification.


   Skills:
 - Level 2.0 Fighting
 + Level 3.7 Ranged Weapons
 - Level 1.5 Dodging
 - Level 1.0 Spellcasting
 - Level 2.6 Hexes


You had 3 spell levels left.
You knew the following spells:

 Your Spells              Type           Power      Damage    Failure   Level
a - Slow                  Hex            28%        N/A       17%         1

Your spell library contained the following spells:

 Spells                   Type           Power      Damage    Failure   Level
 Inner Flame              Hex/Fire       4%         N/A       65%         3
 Portal Projectile        Hex/Tloc       8%         N/A       65%         3
 Cause Fear               Hex            3%         N/A       86%         4

Inventory:

Hand Weapons
 Y - a +1 shortbow of flaming (weapon)
Armour
 f - a +0 ring mail (worn)
Jewellery
 h - a +6 ring of strength (left hand)
 i - an amulet of guardian spirit (around neck)
Scrolls
 b - a scroll of identify {unknown}
Potions
 a - a potion of haste {unknown}
 c - 2 potions of degeneration {unknown}

Dungeon Overview and Level Annotations

Branches:
Dungeon (2/15)

Altars:


Message History

You hear a shout!
A ball python comes into view.
A goblin comes into view. It is wielding a +0 dagger.
A hobgoblin comes into view.
You shoot an arrow. The arrow hits the hobgoblin.
The arrow burns the hobgoblin.
You kill the hobgoblin!
You shoot an arrow. The arrow hits the goblin.
The arrow burns the goblin.
You kill the goblin!
You shoot an arrow. The arrow hits the ball python.
The arrow burns the ball python.
You kill the ball python!
You hear a shout!
A hobgoblin comes into view.
You hear a shout!
You shoot an arrow. The arrow hits the hobgoblin.
The arrow burns the hobgoblin.
You kill the hobgoblin!
A kobold comes into view. It is wielding a +0 club.
The kobold throws a stone.
The stone hits you but does no damage.
Enter note:
Enter note:
Enter note:
Enter note: You shoot an arrow.
The arrow hits the kobold.
The arrow burns the kobold.
You kill the kobold!
You hear a shout!
A gnoll comes into view. It is wielding a +1 heavy flail.
You shoot an arrow.
The arrow hits the gnoll but does no damage.
You shoot an arrow.
The arrow hits the gnoll but does no damage.
The gnoll hits you with a +1 heavy flail!
You shoot an arrow. The arrow hits the gnoll.
The arrow burns the gnoll.
The gnoll is lightly wounded.
The gnoll barely misses you.
You shoot an arrow.
The arrow hits the gnoll but does no damage.
The gnoll is lightly wounded.
The gnoll hits you with a +1 heavy flail!
Ouch! That really hurt!
You die...

########## .#
#........# #.#
#####........# #..#
#............# #.).
#............# #..#
#......#########
#...# #......#
#...##.)# #......#
#...#@g%#
..%....#####...#.##)#
...........'...'.#
.......#####...#.#
######## #...#...
#...##.## ##### ##
#### ###..#


You could see a gnoll.

Vanquished Creatures
  5 endoplasms
  2 giant cockroaches
  7 hobgoblins
  4 jackals (D:1)
  3 quokkas
  4 ball pythons
  6 bats
  A frilled lizard (D:2)
  3 goblins
  5 kobolds
  5 rats
45 creatures vanquished.

Notes
Turn   | Place    | Note
-------+----------+-------------------------------------------
     0 | D:1      | qw the Gargoyle Hexslinger began the quest for the Orb.
     0 | D:1      | Reached XP level 1. HP: 12/12 MP: 2/2
     0 | D:1      | 0 ||| qw: Version: 0.3-a-46-gb1f654a
     0 | D:1      | 0 ||| qw: Game counter: 1244
     0 | D:1      | 0 ||| qw: Melee chars always use a shield: true
     0 | D:1      | 0 ||| qw: God list: Okawaru
     0 | D:1      | 0 ||| qw: Allow faded altars: false
     0 | D:1      | 0 ||| qw: Do Orc after clearing Dungeon:15 true
     0 | D:1      | 0 ||| qw: Do second Lair branch before Depths: true
     0 | D:1      | 0 ||| qw: Lair rune preference: random
     0 | D:1      | 0 ||| qw: Goals: Normal
     0 | D:1      | 0 ||| PLANNING D:1-11
   125 | D:1      | Reached XP level 2. HP: 16/16 MP: 3/3
   159 | D:1      | Found Qank's Distillery.
   213 | D:1      | Reached skill level 3 in Ranged Weapons
   313 | D:1      | HP: 3/17 [jackal (3)]
   401 | D:1      | Reached XP level 3. HP: 21/21 MP: 4/4
   606 | D:1      | 606 ||| UPGRADING to +0 leather armour.
   616 | D:1      | 616 ||| DROPPING +0 robe.
   617 | D:1      | 617 ||| UPGRADING to +0 ring mail.
   627 | D:1      | 627 ||| DROPPING +0 leather armour.
   628 | D:1      | 628 ||| UPGRADING to amulet of guardian spirit.
   633 | D:1      | 633 ||| UPGRADING to +6 ring of strength.
   634 | D:1      | 634 ||| READING scroll labelled YVEOPR APNI.
   634 | D:1      | Identified a scroll of acquirement
   634 | D:1      | 634 ||| ACQUIRING +1 shortbow of flaming
   634 | D:1      | Acquired a +1 shortbow of flaming
   636 | D:1      | 636 ||| SWAPPING to +1 shortbow of flaming.
   637 | D:1      | 637 ||| DROPPING +1 sling.
   638 | D:1      | 638 ||| READING scroll labelled WIEKIL KOCVAF.
   643 | D:1      | 643 ||| DROPPING scroll of poison.
   668 | D:2      | Identified the +5 dagger of Nexeam {flame, Will+ Str+5}
   954 | D:2      | Slain by a gnoll

Levels and vault maps discovered:
D:1:      onia_arrival_handbag, layout_rooms, serial_shops, shop_statue,
          kennysheep_pointless_box, wad_floor_pattern_untrapped,
          bh_walls_and_bars
D:2:      minmay_chambers_of_twos, layout_basic, minmay_misc_feat_room,
          minmay_vboxes, uniq_crazy_yiuf_cottage

Skill      XL: |  1  2 |
---------------+-------+-----
Ranged Weapons | 3 |  3.7
Fighting       | 2 |  2.0
Dodging        | |  1.5
Spellcasting   | |  1.0
Hexes          | |  2.6

Action                     || total
---------------------------++-------
   Fire: Sling             ||    64
         Shortbow          ||    49
    Use: Scroll            ||     2
 Armour: Robe              ||    12
         Ring mail         ||    17
  Dodge: Dodged            ||    28

Table legend:
 A = Non-vault XP
 B = Vault XP
 C = Vault XP percentage of total XP
 D = Non-vault monster count
 E = Vault monster count
 F = Vault count percentage of total count
                 A         B        C        D         E       F
            +---------+---------+-------+---------+---------+-------
      Total |      45 |      30 |  40.0 |      28 |      17 |  37.8
            +---------+---------+-------+---------+---------+-------
        D:1 |      29 |       6 |  17.1 |      19 |       4 |  17.4
        D:2 |      16 |      24 |  60.0 |       9 |      13 |  59.1
            +---------+---------+-------+---------+---------+-------
